Map: Para Site LE

Players

Odin

  • Race: Terran Terran
  • League: Gold
  • Spawn Location: 11:00

keyser - Winner!

  • Race: Terran Terran
  • League: Gold
  • Spawn Location: 5:00

VOD

Have the link to the VOD?

Description

Time

  • Played on: Dec. 16, 2018, 5:32 a.m.
  • Length: 3:58
Show
View Real Time Build Order
Export as new Build Order

Odin Terran 

Build Orders:  

Get SALT Encoding   

  12  0:02  SCV  
  13  0:14  SCV  
  13  0:18  Supply Depot  
  14  0:35  Supply Depot  
  14  0:37  SCV  
  15  0:46  Barracks  
  15  0:54  SCV  
  16  1:02  Refinery  
  16  1:06  SCV  
  17  1:31  Command Center  
  17  1:36  Engineering Bay  
  17  1:47  Refinery  
  17  1:49  SCV  
  18  2:01  SCV  
  19  2:23  Barracks  
  19  2:32  SCV  
  19  3:02  Planetary Fortress  
  19  3:19  Barracks Tech Lab  
  17  3:24  Orbital Command  
Show
View Real Time Build Order
Export as new Build Order

keyser Terran - Winner!

Build Orders:  

Get SALT Encoding   

  12  0:01  SCV  
  13  0:15  Supply Depot  
  13  0:18  SCV  
  14  0:30  SCV  
  15  0:38  Barracks  
  15  0:43  Refinery  
  15  0:46  SCV  
  16  0:58  SCV  
  17  1:11  SCV  
  18  1:21  Refinery  
  18  1:24  Orbital Command  
  18  1:25  Supply Depot  
  18  1:29  Reaper  
  19  2:00  Factory  
  19  2:01  Marine, SCV  
  21  2:17  SCV  
  21  2:19  Marine  
  23  2:24  Barracks  
  23  2:46  Marine  
  23  2:48  Factory Tech Lab  
  24  2:52  SCV, Starport  
  25  3:04  Marine  
  26  3:08  Siege Tank  
  26  3:12  Marine, Bunker  
  28  3:22  Marine  
  29  3:39  Marine  
  28  3:53  Barracks Reactor  
Tags
 
League
GoldGold
Matchup
TvT
Race
Terran
Spawn Locations
Cross Positions
Add a new tag
Caveats
  • Supply blocks, unpowered buildings, or Contaminate may cause inaccurate times.
  • Supply counts are checked every 10 seconds.